 Dungeon Crawl Stone Soup version 0.17.0 (webtiles) character file.

106971 SKei0 the Warrior (level 16, -11/114 HPs)
             Began as a Gargoyle Fighter on Nov 6, 2015.
             Was the Champion of Okawaru.
             Killed from afar by a deep elf knight (42 damage)
             ... with a stone arrow
             ... on level 15 of the Dungeon.
             The game lasted 02:21:50 (27406 turns).

SKei0 the Warrior (Gargoyle Fighter)               Turns: 27406, Time: 02:21:50

Health: -11/114    AC: 40    Str: 33    XL:     16   Next: 45%
Magic:  16/16      EV:  8    Int:  9    God:    Okawaru [******]
Gold:   1888       SH: 14    Dex: 10    Spells: 0 memorised, 15 levels left

rFire  . . .     SeeInvis .     M - +3 morningstar
rCold  + . .     Clarity  .     W - +1 plate armour {rC+}
rNeg   + . .     SustAt   .     c - +0 shield
rPois  ∞         Gourm    .     t - +2 helmet
rElec  +         Spirit   .     L - +2 cloak {rPois}
rCorr  .         Warding  .     Z - +1 pair of gloves {archery}
rMut   .         Stasis   .     f - +1 pair of boots
MR     .....                    T - amulet of regeneration
Stlth  ..........               N - ring of Harmony {+Blink +Fly MR- Str+7 Stlth-}
                                n - +3 ring of slaying

@: very slightly contaminated, not resistant to hostile enchantments, extremely
unstealthy
A: big wings, negative energy resistance 1, electricity resistance, unbreathing,
petrification resistance, rot immunity, AC +11
a: Fly, Heroism, Finesse, Renounce Religion, Evoke Blink, Evoke Flight


You were on level 15 of the Dungeon.
You worshipped Okawaru.
Okawaru was exalted by your worship.
You were not hungry.

You visited 4 branches of the dungeon, and saw 28 of its levels.
You also visited: Labyrinth and Ice Cave.

You collected 2375 gold pieces.
You spent 487 gold pieces at shops.

Inventory:

Hand Weapons
 q - a +3 mace of crushing
 u - a +1 great mace of protection
 D - a +2 flail of protection
 M - a +3 morningstar (weapon)
Armour
 c - a +0 shield (worn)
 f - a +1 pair of boots (worn)
 t - a +2 helmet (worn)
 L - a +2 cloak of poison resistance (worn)
 W - a +1 plate armour of cold resistance (worn)
 Z - a +1 pair of gloves of archery (worn)
Jewellery
 a - an uncursed ring of protection from fire
 n - a +3 ring of slaying (left hand)
 y - an uncursed amulet of clarity
 N - the ring of Harmony (right hand) {+Blink +Fly MR- Str+7 Stlth-}
   (You bought it in a shop on level 7 of the Dungeon)

   [ring of flight]

   It affects your strength (+7).
   It affects your resistance to hostile enchantments.
   It lets you fly.
   It lets you blink.
   It makes you less stealthy.
 P - an uncursed ring of protection from magic
 T - an amulet of regeneration (around neck)
 X - an uncursed ring of invisibility
Wands
 d - a wand of teleportation (1)
 h - a wand of paralysis (18)
 v - a wand of heal wounds (3)
 A - a wand of polymorph (18)
 U - a wand of confusion (8)
Scrolls
 g - 5 scrolls of identify
 j - a scroll of fog
 o - 9 scrolls of fear
 p - 9 scrolls of enchant weapon
 r - 6 scrolls of blinking
 s - a scroll of silence
 w - 2 scrolls of summoning
 x - 5 scrolls of recharging
 B - 6 scrolls of remove curse
 C - 7 scrolls of enchant armour
 K - 3 scrolls of magic mapping
 S - 7 scrolls of teleportation
Potions
 b - 2 potions of flight
 i - 3 potions of agility
 k - 5 potions of curing
 l - 4 potions of brilliance
 m - 3 potions of haste
 E - 3 potions of berserk rage
 F - 2 potions of cure mutation
 G - a potion of beneficial mutation {unknown}
 J - a potion of might
 V - 3 potions of ambrosia
 Y - 2 potions of resistance
Comestibles
 e - 8 bread rations
 z - 13 fruits
 H - 15 royal jellies
 I - 6 beef jerkies
 Q - 9 slices of pizza
 R - 2 meat rations


   Skills:
 * Level 17.7 Fighting
 - Level 16.0 Maces & Flails
 + Level 13.2 Armour
 * Level 13.5 Shields


You had 15 spell levels left.
You didn't know any spells.

Dungeon Overview and Level Annotations

Branches:
Dungeon (15/15)            Temple (1/1) D:6            Lair (8/8) D:9
  Swamp (0/4) Lair:6        Snake (0/4) Lair:6        Slime (0/6) Lair:7
    Orc (4/4) D:9             Elf (0/3) Orc:4        Vaults (0/5) D:14
 Depths: D:15

Altars:
Ashenzari
Cheibriados
Dithmenos
Elyvilon
Fedhas
Gozag
Kikubaaqudgha
Makhleb
Nemelex Xobeh
Okawaru
Ru
Sif Muna
Trog
Vehumet
Xom
Yredelemnul
Zin
The Shining One
Beogh

Shops:
D:4 *   D:5 %   D:7 =%?   D:8 }   Orc:4 (*}*

Annotations:
Lair:7 exclusion: oklob plant


Innate Abilities, Weirdness & Mutations

You are resistant to torment.
Your stone body is resilient (AC +11).
You are immune to poison.
Your large and strong wings let you fly indefinitely.
You resist negative energy.
You are resistant to electric shocks.
You can survive without breathing.
You are immune to petrification.
You are immune to rotting.


Message History

The deep elf knight points at you and mumbles some strange words.
The stone arrow hits you!
The deep elf knight points at you and mumbles some strange words.
The stone arrow hits you!
The deep elf knight casts a spell at you.
The stone arrow misses you.
The deep elf knight casts a spell at you.
The orb of energy misses you.
The deep elf knight points at you and mumbles some strange words.
You block the stone arrow.
The deep elf knight casts a spell at you.
The stone arrow hits you!
* * * LOW HITPOINT WARNING * * *
The deep elf knight is no longer moving quickly.
The deep elf knight points at you and mumbles some strange words.
The stone arrow hits you!
* * * LOW HITPOINT WARNING * * *
The deep elf knight gestures at you while chanting.
The stone arrow hits you!
You die...

#.....# #.....#
#.....# #.....#
#....)#
#.....#######
#.....#.....#
#..<..#.....########
#..@..'.....#.......
#.....#.....#.......
#.....#.....#.......
#..e..#.....#|......
#.....#.....#.......
#.....#.....#.......
#.....#######.......
#............#######
#............# #


You could see a deep elf knight.

Vanquished Creatures
  Saint Roka (Orc:4)
  Kirke (Lair:7)
  Maud (D:10)
  An orc warlord (Orc:4)
  Snorg (Lair:8)
  A minotaur (Lab)
  Josephine (D:11)
  The ghost of st0uf the Arsonist, a journeyman DrFE of Cheibriados (IceCv)
  6 hydras
  Erolcha (D:8)
  3 catoblepae (Lair:8)
  2 centaur warriors
  2 dancing weapons (D:14)
  A queen ant (Lair:5)
  19 death yaks
  6 orc high priests
  Sonja (D:12)
  An ice devil (IceCv)
  5 hill giants
  A harpy (shapeshifter) (D:14)
  2 unseen horrors
  3 orc knights (Orc:4)
  A necromancer (IceCv)
  4 griffons
  3 cyclopes
  6 orc sorcerers
  A manticore (D:12)
  4 black mambas
  Maurice (Orc:3)
  4 elephants
  16 spiny frogs
  3 ice statues (IceCv)
  3 gargoyles
  5 komodo dragons
  4 orange demons (D:13)
  An efreet (D:14)
  3 red devils (D:13)
  4 trolls
  4 fire drakes
  A polar bear (Lair:7)
  8 blue devils (IceCv)
  A boulder beetle (Lair:4)
  Prince Ribbit (D:8)
  5 two-headed ogres
  3 slime creatures (D:15)
  A queen bee (Lair:7)
  13 blink frogs
  4 wraiths (D:10)
  3 deep elf magi
  5 wyverns
  2 shadows
  A trapdoor spider (D:12)
  14 hippogriffs
  55 yaks
  9 vampire mosquitoes
  4 basilisks
  2 hungry ghosts
  Menkaure (D:7)
  2 mottled dragons
  6 swamp worms (Lair:6)
  6 soldier ants
  12 wolves
  6 wargs
  Duvessa (D:7)
  4 nagas (Lair:6)
  11 water moccasins
  2 sky beasts
  3 ice beasts
  10 porcupines
  A wasp (D:12)
  A black bear (Lair:4)
  20 ogres
  43 orc warriors
  A phantom (D:9)
  13 centaurs
  The ghost of HungrySpirit the Skirmisher, an amateur GrWn (D:3)
  2 necrophages
  2 big kobolds
  10 crocodiles
  Dowan (D:7)
  44 killer bees
  17 giant frogs
  7 scorpions
  2 electric eels
  7 wights
  3 quasits
  2 centaur zombies
  2 giant frog zombies
  3 jellies
  3 crimson imps
  5 centaur skeletons
  Ijyb (D:2)
  3 hounds
  36 orc priests
  3 giant frog skeletons
  10 iguanas
  33 orc wizards
  17 worker ants
  17 sheep
  2 troll simulacra (IceCv)
  A spriggan simulacrum (IceCv)
  2 hound zombies
  3 centaur simulacra (IceCv)
  A hound skeleton (D:11)
  Robin (D:2)
  A worker ant zombie (D:10)
  5 adders
  8 gnolls
  62 river rats
  3 ogre simulacra (IceCv)
  A shadow imp (D:11)
  A naga simulacrum (IceCv)
  2 adder skeletons (D:4)
  10 giant geckos
  187 orcs
  A giant cockroach (D:4)
  16 goblins
  9 hobgoblins
  11 jackals
  19 kobolds
  A quokka (D:4)
  4 bats
  5 giant newts
  3 quokka skeletons
  8 rats
1001 creatures vanquished.

Vanquished Creatures (collateral kills)
  3 river rats (Lair:5)
3 creatures vanquished.

Vanquished Creatures (others)
  A human (Lair:7)
  An orc wizard (Orc:4)
  An orc (Orc:4)
  9 fungi
  6 plants
18 creatures vanquished.

Grand Total: 1022 creatures vanquished

Notes
Turn   | Place    | Note
--------------------------------------------------------------
     0 | D:1      | SKei0 the Gargoyle Fighter began the quest for the Orb.
     0 | D:1      | Reached XP level 1. HP: 14/14 MP: 1/1
   128 | D:1      | Reached XP level 2. HP: 19/19 MP: 2/2
   959 | D:2      | Reached XP level 3. HP: 22/24 MP: 3/3
  1204 | D:2      | Noticed Robin
  1241 | D:2      | Killed Robin
  1241 | D:2      | Reached skill level 4 in Fighting
  1241 | D:2      | Reached XP level 4. HP: 24/29 MP: 4/4
  1537 | D:2      | Noticed Ijyb
  1544 | D:2      | Killed Ijyb
  1838 | D:3      | Reached XP level 5. HP: 33/33 MP: 5/5
  2052 | D:3      | Found a faded altar to an unknown god.
  2054 | D:3      | Noticed HungrySpirit's ghost (amateur GrWn)
  2063 | D:3      | Killed HungrySpirit's ghost
  2063 | D:3      | Reached XP level 6. HP: 29/40 MP: 6/6
  2283 | D:4      | Reached skill level 5 in Fighting
  2496 | D:4      | Found Koexkox's General Store.
  3034 | D:4      | Reached XP level 7. HP: 44/44 MP: 7/7
  3153 | D:5      | Entered Level 5 of the Dungeon
  3349 | D:5      | Found Qiofav's Food Shop.
  3415 | D:5      | Reached skill level 5 in Maces & Flails
  3753 | D:5      | Reached skill level 6 in Fighting
  4032 | D:6      | Reached skill level 5 in Armour
  4037 | D:6      | Reached skill level 5 in Shields
  4037 | D:6      | Reached XP level 8. HP: 34/52 MP: 8/8
  4417 | D:6      | Found a staircase to the Ecumenical Temple.
  4423 | Temple   | Entered the Ecumenical Temple
  4495 | Temple   | Became a worshipper of Warmaster Okawaru
  4775 | D:6      | Reached skill level 7 in Fighting
  5166 | D:7      | Noticed Duvessa
  5166 | D:7      | Noticed Dowan
  5185 | D:7      | Killed Duvessa
  5190 | D:7      | Killed Dowan
  5190 | D:7      | Reached * piety under Okawaru
  5256 | D:7      | Reached XP level 9. HP: 51/59 MP: 9/9
  5344 | D:7      | Found Buefar's Food Shoppe.
  5365 | D:7      | Found Tuelyext's Jewellery Boutique.
  5365 | D:7      | Noticed Menkaure
  5373 | D:7      | Killed Menkaure
  5373 | D:7      | Reached skill level 8 in Fighting
  5700 | D:7      | Found a blossoming altar of Fedhas.
  5757 | D:7      | Found Cuziyr's Magic Scroll Shoppe.
  6027 | D:8      | Noticed Prince Ribbit
  6029 | D:8      | Reached ** piety under Okawaru
  6043 | D:8      | Reached skill level 9 in Fighting
  6257 | D:8      | Killed Prince Ribbit
  6420 | D:8      | Reached *** piety under Okawaru
  6420 | D:8      | Reached XP level 10. HP: 21/66 MP: 10/10
  6823 | D:8      | Found Awiosevo's Gadget Boutique.
  6881 | D:8      | Noticed Erolcha
  6893 | D:8      | Killed Erolcha
  6893 | D:8      | Reached skill level 10 in Fighting
  7356 | D:9      | Found a sparkling altar of Nemelex Xobeh.
  7617 | D:9      | Reached **** piety under Okawaru
  7621 | D:9      | Noticed an elephant
  7631 | D:9      | Killed an elephant
  7956 | D:9      | Found a staircase to the Lair.
  7977 | D:9      | Found a staircase to the Orcish Mines.
  7992 | D:9      | Found a deep blue altar of Sif Muna.
  7992 | D:9      | Found a burning altar of Makhleb.
  7995 | D:9      | Found a glowing golden altar of the Shining One.
  8486 | D:7      | Bought the ring of Harmony {+Blink +Fly MR- Str+7 Stlth-} for 487 gold pieces
  8742 | D:10     | Entered Level 10 of the Dungeon
  8789 | D:10     | Noticed a hill giant
  8798 | D:10     | Killed a hill giant
  8798 | D:10     | Reached skill level 11 in Fighting
  8798 | D:10     | Reached XP level 11. HP: 69/74 MP: 11/11
  8890 | D:10     | Noticed Maud
  8924 | D:10     | Killed Maud
  8924 | D:10     | Reached ***** piety under Okawaru
  8924 | D:10     | Reached skill level 10 in Maces & Flails
  9273 | D:10     | Noticed a hill giant
  9282 | D:10     | Noticed a hill giant
  9282 | D:10     | Killed a hill giant
  9294 | D:10     | Killed a hill giant
 10244 | D:10     | Received a gift from Okawaru
 10249 | D:10     | Got a ruby-encrusted ring mail {god gift}
 10260 | D:10     | Identified the +4 ring mail of Fashionability {rN+ MP+9 Str-2 Dex+2} (Okawaru gifted it to you on level 10 of the Dungeon)
 10343 | Lair:1   | Entered Level 1 of the Lair of Beasts
 10361 | Lair:1   | Reached skill level 12 in Fighting
 10816 | Lair:1   | Reached XP level 12. HP: 81/81 MP: 12/12
 12112 | Lair:3   | Reached skill level 13 in Fighting
 13303 | Lair:4   | Received a gift from Okawaru
 13657 | Lair:4   | Reached skill level 10 in Armour
 13914 | Lair:4   | Reached XP level 13. HP: 89/89 MP: 13/13
 14261 | Lair:5   | Reached skill level 10 in Shields
 14409 | Lair:5   | Reached ****** piety under Okawaru
 14409 | Lair:5   | Received a gift from Okawaru
 14409 | Lair:5   | Reached skill level 14 in Fighting
 15525 | Lair:6   | Found a staircase to the Snake Pit.
 15857 | Lair:6   | Found a staircase to the Swamp.
 16582 | Lair:7   | Found a staircase to the Slime Pits.
 16884 | Lair:7   | Gained mutation: Your large and strong wings let you fly indefinitely. [Gargoyle growth]
 16884 | Lair:7   | Reached XP level 14. HP: 96/96 MP: 12/14
 16896 | Lair:7   | Reached skill level 15 in Fighting
 16955 | Lair:7   | Received a gift from Okawaru
 16969 | Lair:7   | Got a jewelled hat {god gift}
 16971 | Lair:7   | Identified the +1 hat of Ero Feocs {*Corrode +Fly MP+9} (Okawaru gifted it to you on level 7 of the Lair of Beasts)
 17072 | Lair:7   | Noticed Kirke
 17091 | Lair:7   | Killed Kirke
 17366 | Lair:8   | Entered Level 8 of the Lair of Beasts
 17394 | Lair:8   | Noticed Snorg
 17419 | Lair:8   | Killed Snorg
 18035 | Lair:8   | Received a gift from Okawaru
 18357 | Lair:8   | Reached skill level 16 in Fighting
 18637 | Lair:8   | Got a sparkling pewter amulet
 18753 | Lair:7   | Reached XP level 15. HP: 104/104 MP: 15/15
 19038 | Orc:1    | Entered Level 1 of the Orcish Mines
 19798 | Orc:2    | Identified the amulet "Tyrre" {+Rage rElec rPois rF- Int+4} (You found it on level 8 of the Lair of Beasts)
 19963 | Orc:3    | Noticed Maurice
 19976 | Orc:3    | Killed Maurice
 20340 | Orc:3    | Found a bloodstained altar of Trog.
 20407 | Orc:4    | Entered Level 4 of the Orcish Mines
 20427 | Orc:4    | Reached skill level 15 in Maces & Flails
 20503 | Orc:4    | Noticed Saint Roka
 21068 | Orc:4    | Killed Saint Roka
 21347 | Orc:4    | Found a roughly hewn altar of Beogh.
 21371 | Orc:4    | Found Folamp's Assorted Antiques.
 21472 | Orc:4    | Found Zanteip's Antique Weapon Shoppe.
 21495 | Orc:4    | Received a gift from Okawaru
 21582 | Orc:4    | Paralysed by an orc sorcerer for 3 turns
 21818 | Orc:4    | Paralysed by an orc sorcerer for 3 turns
 21909 | Orc:4    | Found a staircase to the Elven Halls.
 22320 | Orc:4    | Found Kuonn's Gadget Boutique.
 22613 | Orc:4    | Found a roughly hewn altar of Beogh.
 22748 | Orc:4    | Found Nusor's General Store.
 22757 | Orc:4    | Received a gift from Okawaru
 23161 | Orc:4    | Got a smoking quarterstaff {god gift}
 23171 | Orc:4    | Identified the +1 quarterstaff "Bitul" {crush, rN+ MP+9 Str+2 Int+4} (Okawaru gifted it to you on level 4 of the Orcish Mines)
 23374 | D:11     | Noticed Josephine
 23513 | D:11     | Killed Josephine
 23605 | D:11     | Found a frozen archway.
 23614 | IceCv    | Entered an ice cave
 23620 | IceCv    | Noticed st0uf's ghost (journeyman DrFE)
 23637 | IceCv    | Killed st0uf's ghost
 23665 | IceCv    | Reached skill level 17 in Fighting
 24546 | D:12     | Reached XP level 16. HP: 65/112 MP: 16/16
 24667 | D:12     | Found a labyrinth entrance.
 24684 | Lab      | Entered a labyrinth
 25406 | D:12     | Received a gift from Okawaru
 25589 | D:12     | Noticed Sonja
 25607 | D:12     | Killed Sonja
 25712 | D:12     | Found a shimmering altar of Xom.
 25778 | D:13     | Gained mutation: You have sharp toenails. [potion of mutation]
 25778 | D:13     | Gained mutation: Scrolls take you a little longer to read. [potion of mutation]
 25778 | D:13     | Gained mutation: You occasionally shout uncontrollably at your foes. [potion of mutation]
 25779 | D:13     | Lost mutation: Scrolls take you a little longer to read. [potion of cure mutation]
 25779 | D:13     | Lost mutation: You occasionally shout uncontrollably at your foes. [potion of cure mutation]
 25779 | D:13     | Lost mutation: You have sharp toenails. [potion of cure mutation]
 25847 | D:13     | Received a gift from Okawaru
 26908 | D:14     | Found a gate to the Vaults.
 27286 | D:15     | Entered Level 15 of the Dungeon
 27406 | D:15     | Killed from afar by a deep elf knight

Action                   |  1- 3 |  4- 6 |  7- 9 | 10-12 | 13-15 | 16-18 || total
-------------------------+-------+-------+-------+-------+-------+-------++-------
Melee: Flail             |   102 |       |       |   229 |       |       ||   331
       Mace              |    36 |   100 |   267 |    88 |       |       ||   491
       Morningstar       |       |       |       |   490 |  1870 |   302 ||  2662
Invok: Heroism           |       |       |       |     1 |    10 |       ||    11
       Finesse           |       |       |       |       |     1 |       ||     1
 Abil: Evoke Blink       |       |       |       |       |     1 |       ||     1
Evoke: Wand              |       |       |       |       |     2 |       ||     2
  Use: Scroll            |       |    13 |       |       |    22 |     6 ||    41
       Potion            |       |     1 |     2 |     3 |     8 |     2 ||    16
 Stab: Paralysed         |       |       |       |       |     5 |       ||     5
  Eat: Chunk             |     1 |     5 |     5 |     9 |    32 |       ||    52
       Fruit             |       |     1 |     1 |     3 |     6 |     2 ||    13
       Meat ration       |       |       |     1 |     2 |     2 |     2 ||     7
       Bread ration      |       |       |       |     1 |       |       ||     1
